 Dungeon Crawl Stone Soup version 0.28.0-53-g5a82cb258f (webtiles) character file.

Game seed: 6329885356629932629

639 concernfroge the Conjurer (level 7, -4/36 HPs)
             Began as a Deep Elf Conjurer on July 4, 2022.
             Slain by an ogre
             ... wielding a +0 giant club
              (18 damage)
             ... on level 6 of the Dungeon.
             The game lasted 00:16:15 (5304 turns).

concernfroge the Conjurer (Deep Elf Conjurer)       Turns: 5304, Time: 00:16:15

Health: -4/36      AC:  3    Str:  4    XL:     7   Next: 25%
Magic:  2/18       EV: 12    Int: 25    God:
Gold:   254        SH:  0    Dex: 13    Spells: 4/18 levels left

rFire   . . .      SeeInvis .   (no weapon)
rCold   . . .      Faith    .   (no shield)
rNeg    . . .      Spirit   .   a - +0 robe
rPois   .          Reflect  .   (helmet restricted)
rElec   .          Harm     .   k - +0 cloak
rCorr   .          Rampage  .   (no gloves)
Will    .....                   (no boots)
Stlth   +++.......              (no amulet)
HPRegen 0.12/turn               (no ring)
MPRegen 0.16/turn               (no ring)

@: about to teleport, attractive, hasted, very quick
A: horns 1, camouflage 1
a: no special abilities


You were on level 6 of the Dungeon.
You visited 1 branch of the dungeon, and saw 6 of its levels.

You collected 254 gold pieces.

Inventory:

Armour
 a - a +0 robe (worn)
 k - a +0 cloak (worn)
Scrolls
 c - a scroll of silence
 d - a scroll of fog
 g - 4 scrolls of identify
 j - a scroll of fear
Potions
 b - 2 potions of haste
 h - a potion of heal wounds


   Skills:
 - Level 2.4 Dodging
 - Level 2.4 Stealth
 + Level 6.4 Spellcasting
 + Level 6.5 Conjurations
 + Level 4.7 Hexes
 + Level 3.0 Translocations


You had 4 spell levels left.
You knew the following spells:

 Your Spells              Type           Power      Damage    Failure   Level
a - Magic Dart            Conj           100%       1d8       1%          1
b - Searing Ray           Conj           80%        2d7       1%          2
c - Dazzling Flash        Conj/Hex       72%        N/A       2%          3
d - Fulminant Prism       Conj/Hex       18%        3d11      7%          4
e - Iskenderun's Mystic   Conj/Tloc      32%        2d8       10%         4

Your spell library contained the following spells:

 Spells                   Type           Power      Damage    Failure   Level
 Portal Projectile        Hex/Tloc       54%        N/A       4%          3
 Pain                     Necr           32%        1d5       7%          1
 Inner Flame              Hex/Fire       19%        N/A       9%          3
 Cause Fear               Hex            15%        N/A       10%         4
 Corpse Rot               Necr/Air       16%        N/A       11%         2
 Poisonous Vapours        Pois/Air       16%        N/A       11%         2
 Call Canine Familiar     Summ           8%         N/A       22%         3
 Leda's Liquefaction      Hex/Erth       9%         N/A       26%         4
 Animate Dead             Necr           4%         N/A       56%         4
 Dispel Undead            Necr           8%         3d8       56%         4
 Fireball                 Conj/Fire      12%        3d7       45%         5
 Agony                    Necr           8%         N/A       89%         5
 Borgnjor's Vile Clutch   Necr/Erth      4%         N/A       89%         5
 Excruciating Wounds      Necr           4%         N/A       89%         5
 Starburst                Conj/Fire      12%        6d5       96%         6
 Death Channel            Necr           4%         N/A       100%        6
 Discord                  Hex            15%        N/A       100%        8
 Ignition                 Fire           4%         3d4       100%        8


Dungeon Overview and Level Annotations

Branches:
Dungeon (6/15)
 Temple: D:4-7

Altars:
Dithmenos
Hepliaklqana
Kikubaaqudgha
Okawaru
Qazlal
Uskayaw
The Shining One

Shops:
D:2 =


Innate Abilities, Weirdness & Mutations

You have a pair of small horns on your head.
Your skin changes colour to match your surroundings (Stealth+).


Message History

You have reached level 7!
Casting: Fulminant Prism (quite dangerous; 9% risk of failure)
Confirm with . or Enter, or press ? or * to list all spells.
The spell is quite dangerous to miscast (9% risk of failure)!
Continue anyway?
Aiming: Fulminant Prism (quite dangerous; 9% risk of failure)
Press: ? - help, Dir - move target You conjure a prism of explosive energy!
A fulminant prism comes into view.
Your fulminant prism crackles loudly.
Your fulminant prism explodes!
The blast of energy engulfs the ogre!!
You kill the ogre!
A howler monkey comes into view.
You hear an angry hiss.
Casting: Fulminant Prism (quite dangerous; 8% risk of failure)
Confirm with . or Enter, or press ? or * to list all spells.
The spell is quite dangerous to miscast (8% risk of failure)!
Continue anyway?
Aiming: Fulminant Prism (quite dangerous; 8% risk of failure)
Press: ? - help, Dir - move target You conjure a prism of explosive energy!
A fulminant prism comes into view.
The howler monkey hoots and howls with incredible vigour!
You hear a shout!
You hear a loud crackle.
The ogre shouts!
It was a potion of mutation.
You feel extremely strange.
Your skin functions as natural camouflage.
A pair of horns grows on your head!
You hear an explosion!
You feel a bit more experienced.
Your Translocations skill increases to level 3!
It was a potion of attraction.
You feel attractive to monsters. The ogre is attracted toward you.
As you read the scroll of teleportation, it crumbles to dust.
You feel strangely unstable. The ogre is attracted toward you.
The ogre hits you with a +0 giant club!!
Ouch! That really hurt!
You die...

#..'...[##..#
#.##....###h## ## #
#....# #..# ... #....#
#..## .#. #....# #...# .#
... ####.# #.#.# .#
..O###########+###.#.# .#
.......†...).......#.##.#
..####........§.@###..#.#
. #.........O.# ##.#.#
..####.......)...# #.#.#
.................# #...#
#######..........#####..#
......'.......†..'.....>#
#######..........########
#..........# ############


You could see an ogre.

Vanquished Creatures
  An ogre (D:6)
  A necrophage (D:4)
  A scorpion (D:5)
  A howler monkey (D:6)
  2 jellies
  An orc priest (D:4)
  2 iguanas
  3 gnolls (D:4)
  2 howler monkey skeletons
  8 adders
  2 worms
  3 dart slugs
  8 orcs
  9 bats
  8 endoplasms
  10 giant cockroaches
  5 goblins
  6 hobgoblins
  3 jackals (D:3)
  7 quokkas
  14 ball pythons
  2 frilled lizards (D:1)
  3 kobolds
  4 rats
106 creatures vanquished.

Vanquished Creatures (others)
  8 fulminant prisms
8 creatures vanquished.

Grand Total: 114 creatures vanquished

Notes
Turn   | Place    | Note
-------+----------+-------------------------------------------
     0 | D:1      | concernfroge the Deep Elf Conjurer began the quest for the
                  | Orb.
     0 | D:1      | Reached XP level 1. HP: 10/10 MP: 6/6
   113 | D:1      | Reached XP level 2. HP: 12/15 MP: 3/8
   116 | D:1      | Learned a level 2 spell: Searing Ray
   729 | D:1      | Reached XP level 3. HP: 19/19 MP: 6/10
   733 | D:1      | Learned a level 3 spell: Dazzling Flash
   734 | D:1      | Reached skill level 5 in Conjurations
  1206 | D:2      | Reached skill level 1 in Hexes
  1812 | D:2      | Reached XP level 4. HP: 24/24 MP: 9/12
  1817 | D:2      | Learned a level 4 spell: Fulminant Prism
  1962 | D:2      | Found Zyvuext's Jewellery Shop.
  2155 | D:2      | Found a hide-covered altar of Uskayaw.
  2637 | D:3      | Found a hazy altar of Hepliaklqana.
  2643 | D:3      | Found a stormy altar of Qazlal.
  2646 | D:3      | Found an iron altar of Okawaru.
  3034 | D:3      | Found a glowing golden altar of the Shining One.
  3240 | D:3      | Found a shadowy altar of Dithmenos.
  3409 | D:3      | Reached skill level 5 in Spellcasting
  3409 | D:3      | Reached XP level 5. HP: 28/28 MP: 8/14
  3513 | D:3      | Learned a level 4 spell: Iskenderun's Mystic Blast
  3610 | D:4      | Noticed a necrophage
  3616 | D:4      | Killed a necrophage
  3617 | D:4      | Reached skill level 1 in Translocations
  3789 | D:4      | Reached XP level 6. HP: 32/32 MP: 9/16
  3953 | D:4      | Found an ancient bone altar of Kikubaaqudgha.
  4615 | D:4      | Found a hide-covered altar of Uskayaw.
  4616 | D:4      | Noticed a +0 hand axe
  4616 | D:4      | Noticed a +0 dagger
  4696 | D:5      | Entered Level 5 of the Dungeon
  5290 | D:6      | Reached XP level 7. HP: 13/36 MP: 8/18
  5299 | D:6      | Gained mutation: Your skin changes colour to match your
                  | surroundings (Stealth+). [potion of mutation]
  5299 | D:6      | Gained mutation: You have a pair of small horns on your
                  | head. [potion of mutation]
  5304 | D:6      | Slain by an ogre

Illustrated notes

Levels and vault maps discovered:
D:1:      eino_arrival_water_cross, layout_basic, basic_ecumenical_altar,
          minmay_stone_trees_large, minmay_pentomino_z4
D:2:      layout_basic, basic_altar, serial_shops, nicolae_shop_behind_doors,
          kennysheep_generic_room_4
D:3:      layout_loops_cross, nicolae_tso_swordbearing_angel,
          old_standard_altar, minmay_overflow_temple_star_quad
D:4:      layout_loops_ring, lemuel_tele_altar, dancing_weapons_uskayaw
D:5:      layout_rooms, nicolae_gozag_cash_rules_everything_around_me,
          nicolae_elemental_shop, uniq_edmund
D:6:      layout_basic, minmay_misc_feat_encased, corner_web_ring

Skill      XL: |  1  2  3  4  5  6  7 |
---------------+----------------------+-----
Spellcasting   | 4 5 6 |  6.4
Conjurations   | 5 6 |  6.5
Hexes          | 1 2 3 4 |  4.7
Translocations | 1 2 3 |  3.0
Dodging        | |  2.4
Stealth        | |  2.4

Action                   |  1- 3 |  4- 6 |  7- 9 || total
-------------------------+-------+-------+-------++-------
Melee: Unarmed           |       |     5 |       ||     5
 Cast: Magic Dart        |    96 |   109 |       ||   205
       Searing Ray       |     1 |    17 |       ||    18
       Fulminant Prism   |       |     6 |     2 ||     8
  Use: Scroll            |       |    10 |     1 ||    11
       Potion            |       |     4 |     2 ||     6
Armor: Robe              |     3 |     1 |       ||     4
Dodge: Dodged            |     5 |     6 |       ||    11
